 Dungeon Crawl Stone Soup version 0.30-a0-1160-g6e42c06551 (webtiles) character file.

Game seed: 2959708604674090800

3789 BlueFish the Covert (level 10, -4/66 HPs)
             Began as an Octopode Fighter on Apr 26, 2023.
             Was a Follower of Cheibriados.
             Slain by a manticore (12 damage)
             ... on level 8 of the Dungeon.
             The game lasted 00:13:06 (8064 turns).

BlueFish the Covert (Octopode Fighter)              Turns: 8064, Time: 00:13:07

Health: -4/66      AC:  1    Str: 21    XL:     10   Next: 16%
Magic:  15/15      EV: 15    Int: 22    God:    Cheibriados [*.....]
Gold:   489        SH:  5    Dex: 14    Spells: 10/16 levels left

rFire   x . .        n - +8 falchion "Sumiuvud" {pain, rPois rF- rC+ Int+7}
rCold   + . .        b - +0 buckler
rNeg    . . .        (helmet restricted)
rPois   +            (no amulet)
rElec   .            v - ring "Lerysot" {Int+2 Slay+4}
rCorr   .            (no ring)
SInv    .            (no ring)
Will    .....        (no ring)
Stlth   +++++        (no ring)
HPRegen 0.31/turn    (no ring)
MPRegen 0.14/turn    (no ring)
                     (no ring)

%: no passive effects
@: very slow
A: almost no armour, amphibious, 8 rings, camouflage 1, gelatinous body 1,
(nimble swimmer 1), tentacles
a: Renounce Religion, Bend Time


You were on level 8 of the Dungeon.
You worshipped Cheibriados.
Cheibriados was aware of your devotion.
You visited 2 branches of the dungeon, and saw 9 of its levels.
You also visited: Sewer.

You collected 489 gold pieces.

Inventory:

Hand Weapons
 a - a +0 flail
 n - the +8 falchion "Sumiuvud" (weapon) {pain, rPois rF- rC+ Int+7}
   (You found it on level 3 of the Dungeon)

   Int:       It affects your intelligence (+7).
   rF:        It makes you vulnerable to fire.
   rC:        It protects you from cold.
   rPois:     It protects you from poison.
 w - a +0 whip
 y - a +0 morningstar
 E - a +1 whip of flaming
 H - a +1 whip of distortion
Missiles
 f - 15 poisoned darts
 g - 79 stones (quivered)
 F - 6 javelins
Armour
 b - a +0 buckler (worn)
Jewellery
 v - the ring "Lerysot" (left tentacle) {Int+2 Slay+4}
   (You found it on level 4 of the Dungeon)

   [ring of slaying]

   Int:       It affects your intelligence (+2).
   Slay:      It affects your accuracy & damage with ranged weapons and melee
   (+4).
 A - an amulet of guardian spirit
Wands
 m - a wand of flame (20)
 B - a wand of mindburst (38)
 C - a wand of charming (19)
 K - a wand of iceblast (10)
Scrolls
 j - 2 scrolls of immolation {unknown}
 l - 2 scrolls of noise {unknown}
 o - a scroll of acquirement {unknown}
 t - 10 scrolls of identify {unknown}
 u - 2 scrolls of enchant weapon {unknown}
 x - 2 scrolls of teleportation {unknown}
 z - 2 scrolls of fog {unknown}
 D - a scroll of brand weapon {unknown}
 G - 2 scrolls of fear {unknown}
 J - a scroll of magic mapping {unknown}
Potions
 c - a potion of might
 d - 3 potions of berserk rage {unknown}
 e - 2 potions of lignification {unknown}
 h - 2 potions of degeneration {unknown}
 i - 4 potions of ambrosia {unknown}
 k - 2 potions of haste {unknown}
 p - 3 potions of flight
 r - 5 potions of curing
 s - 3 potions of brilliance {unknown}
 I - 2 potions of resistance {unknown}
 L - a potion of cancellation {unknown}


   Skills:
 + Level 5.5 Fighting
 + Level 5.0 Maces & Flails
 + Level 4.3 Throwing
 + Level 5.4 Dodging
 * Level 9.3 Stealth
 + Level 5.4 Shields
 + Level 3.7 Spellcasting
 + Level 4.0 Translocations
 + Level 1.9 Invocations
 + Level 3.5 Evocations


You had 10 spell levels left.
You knew the following spells:

 Your Spells              Type           Power      Damage    Failure   Level
a - Blink                 Tloc           44%        N/A       3%          2
b - Lesser Beckoning      Tloc           44%        N/A       3%          2
c - Momentum Strike       Conj/Tloc      26%        3d8       9%          2

Your spell library contained the following spells:

 Spells                   Type           Power      Damage    Failure   Level
 Beastly Appendage        Tmut           8%         N/A       14%         1
 Freeze                   Ice            16%        1d4       14%         1
 Volatile Blastmotes      Fire/Tloc      26%        2d12      19%         3
 Wereblood                Tmut           4%         N/A       21%         2
 Frozen Ramparts          Ice            8%         1d2       38%         3
 Hailstorm                Conj/Ice       4%         3d4       38%         3
 Spider Form              Tmut/Pois      4%         N/A       38%         3
 Iskenderun's Mystic Bla  Conj/Tloc      13%        2d5       52%         4
 Fulminant Prism          Conj/Hex       2%         3d5       80%         4
 Lee's Rapid Deconstruct  Erth           2%         3d4*      98%         5


Dungeon Overview and Level Annotations

Branches:
Dungeon (8/15)             Temple (1/1) D:6           Sewer (visited)
   Lair: D:8-11

Altars:
Ashenzari
Cheibriados
Elyvilon
Fedhas
Gozag
Hepliaklqana
Kikubaaqudgha
Makhleb
Nemelex Xobeh
Qazlal
Ru
Sif Muna
Trog
Uskayaw
Vehumet
Wu Jian
Xom
Yredelemnul
Zin
The Shining One

Shops:
D:2 *   D:5 *([   D:7 *

Annotations:
D:8 exclusion: manticore


Innate Abilities, Weirdness & Mutations

You cannot wear most types of armour.
You are amphibious.
You can wear up to eight rings at the same time.
Your skin changes colour to match your surroundings (Stealth+).
Your rubbery body absorbs attacks. (AC +1, EV +1)
((You are camouflaged when in or above water. (Stealth+)))
You have tentacles for arms and can constrict up to eight enemies at once.


Message History

The wyvern is severely wounded.
The wyvern misses you. The wyvern bites you.
You hit the wyvern.
The wyvern is almost dead.
The wyvern bites you! The wyvern bites you!!
* * * LOW HITPOINT WARNING * * *
You hit the wyvern.
You kill the wyvern!
Cheibriados appreciates the change of pace.
Your Maces & Flails skill increases to level 5!
A manticore is nearby!
You see here a wyvern corpse.
A manticore is nearby!
You see here a wyvern corpse.
You hit the manticore.
The manticore is lightly wounded.
You block the manticore's attack. The manticore misses you.
The manticore barely misses you. The manticore bites you.
The manticore claws you. The manticore completely misses you.
You slash the manticore! Your squeeze misses the manticore.
The manticore is moderately wounded.
The manticore bites you!! The manticore claws you.
The manticore closely misses you.
You hit the manticore. You squeeze the manticore!
The manticore is heavily wounded.
The manticore bites you!
* * * LOW HITPOINT WARNING * * *
The manticore barely misses you. The manticore claws you.
* * * LOW HITPOINT WARNING * * *
You feel much better. The manticore bites you!!
* * * LOW HITPOINT WARNING * * *
The manticore claws you!
* * * LOW HITPOINT WARNING * * *
The manticore misses you.
Aiming: Mindburst
Press: ? - help, Shift-Dir - straight line, f - manticore
Aim: a manticore (heavily wounded, chance to affect: 62%)
The manticore resists with significant effort.
You block the manticore's attack. The manticore claws you!
You die...

..................##
.............######
............##
.##....#..^.##
#######......###
##........### #
##...##......####
#####..####..#...H..#
..#...## #..###@.###
......# #..##..##
.....## #....†##
##..## #.....# ##$..#
#.....## ......
#....## ...... ......
...... .....# ......
#...#


You could see a manticore.

Vanquished Creatures
  Pikel (D:5)
  Maggie (D:6)
  Sigmund (D:2)
  A wyvern (D:8)
  Grum (D:8)
  A steam dragon (D:6)
  A water moccasin (D:6)
  A sky beast (D:7)
  An ice beast (D:7)
  2 black bears (D:7)
  An ogre (D:6)
  4 wolves (D:8)
  A lemure (D:5)
  A kobold brigand (Sewer)
  3 bullfrogs
  A gnoll sergeant (D:6)
  3 scorpions
  5 killer bees (D:8)
  A gnoll bouda (D:7)
  A jelly (D:5)
  3 orc priests (D:5)
  3 hounds
  An iron imp (D:5)
  5 sleepcaps
  Ijyb (D:5)
  Terence (D:2)
  2 orc wizards (D:7)
  16 gnolls
  6 adders
  3 river rats
  A shadow imp (D:7)
  A white imp (D:7)
  2 ufetubi (D:5)
  3 dart slugs
  19 orcs
  5 bats
  8 endoplasms
  4 giant cockroaches
  6 goblins
  8 hobgoblins
  9 kobolds
  2 quokkas
  11 ball pythons
  2 frilled lizards
  2 goblin skeletons (D:5)
  5 hobgoblin zombies (D:5)
  2 kobold skeletons (D:5)
  2 orc skeletons (D:5)
  2 orc zombies (D:5)
  5 rats
172 creatures vanquished.

Notes
Turn   | Place    | Note
-------+----------+-------------------------------------------
     0 | D:1      | BlueFish the Octopode Fighter began the quest for the Orb.
     0 | D:1      | Reached XP level 1. HP: 16/16 MP: 1/1
    47 | D:1      | Reached skill level 1 in Stealth
    47 | D:1      | Reached XP level 2. HP: 14/21 MP: 2/2
   287 | D:1      | Reached skill level 2 in Stealth
   373 | D:1      | Reached XP level 3. HP: 26/26 MP: 3/3
   890 | D:2      | Noticed Terence
   901 | D:2      | Killed Terence
   902 | D:2      | Reached skill level 1 in Throwing
   902 | D:2      | Reached skill level 3 in Stealth
   902 | D:2      | Reached XP level 4. HP: 25/31 MP: 4/4
   908 | D:2      | Learned a level 2 spell: Blink
  1047 | D:2      | Noticed Sigmund
  1203 | D:2      | Found Xoufyaps's Assorted Antiques.
  1432 | D:2      | Killed Sigmund
  1433 | D:2      | Reached skill level 4 in Stealth
  1433 | D:2      | Reached skill level 1 in Translocations
  1433 | D:2      | Reached XP level 5. HP: 19/37 MP: 4/6
  1433 | D:2      | Reached XP level 6. HP: 22/43 MP: 4/7
  1438 | D:2      | Learned a level 2 spell: Lesser Beckoning
  1441 | D:2      | Learned a level 2 spell: Momentum Strike
  1560 | D:3      | Identified the +8 falchion "Sumiuvud" {pain, rPois rF- rC+
                  | Int+7}
  1679 | D:3      | Found a glowing drain.
  1688 | D:3      | Reached skill level 1 in Spellcasting
  1696 | Sewer    | Entered a sewer
  1880 | Sewer    | Found a glowing silver altar of Zin.
  1966 | D:3      | Noticed a +0 hand axe
  1968 | D:3      | Noticed a +0 dagger
  1969 | D:3      | Found a hide-covered altar of Uskayaw.
  2604 | D:4      | Identified the ring "Lerysot" {Int+2 Slay+4}
  2769 | D:4      | Reached XP level 7. HP: 47/47 MP: 8/8
  2790 | D:4      | Reached skill level 5 in Stealth
  3747 | D:5      | Entered Level 5 of the Dungeon
  3766 | D:5      | Found Nify's Armour Boutique.
  3909 | D:5      | Found a glowing golden altar of the Shining One.
  4101 | D:5      | Identified the +7 trident of the Demonic God {heavy, Int+7}
  4137 | D:5      | Found Xoeff's Assorted Antiques.
  4209 | D:5      | Noticed Ijyb
  4218 | D:5      | Killed Ijyb
  4219 | D:5      | Reached skill level 6 in Stealth
  4219 | D:5      | Reached XP level 8. HP: 54/54 MP: 9/11
  4283 | D:5      | Noticed Pikel
  4354 | D:5      | Killed Pikel
  4355 | D:5      | Reached skill level 1 in Evocations
  4432 | D:5      | Found Gutz's Weapon Shoppe.
  4503 | D:5      | Found a white marble altar of Elyvilon.
  4845 | D:5      | Reached skill level 7 in Stealth
  5001 | D:6      | Noticed Maggie
  5008 | D:6      | Killed Maggie
  5009 | D:6      | Reached XP level 9. HP: 52/60 MP: 11/13
  5505 | D:6      | Reached skill level 5 in Fighting
  5505 | D:6      | Reached skill level 8 in Stealth
  5646 | D:6      | Identified the +3 dagger "Newtbane" {venom, rN+ Dex+5}
  5725 | D:6      | Found a staircase to the Ecumenical Temple.
  5737 | Temple   | Entered the Ecumenical Temple
  5861 | D:6      | Reached skill level 5 in Shields
  6088 | D:7      | Found Ifoseffo's Assorted Antiques.
  6094 | D:7      | Reached skill level 5 in Dodging
  6255 | D:7      | Found a snail-covered altar of Cheibriados.
  6264 | D:7      | Became a worshipper of Cheibriados the Contemplative
  6763 | D:7      | Found an ornate altar of the Wu Jian Council.
  6770 | D:7      | Reached skill level 1 in Invocations
  6853 | D:7      | Noticed an angel
  6854 | D:7      | Found a glowing silver altar of Zin.
  6886 | D:8      | Noticed a manticore
  7063 | D:8      | Noticed Grum
  7085 | D:8      | Killed Grum
  7086 | D:8      | Reached skill level 9 in Stealth
  7086 | D:8      | Reached XP level 10. HP: 46/66 MP: 10/15
  7285 | D:8      | Found a sacrificial altar of Ru.
  7318 | D:8      | Reached * piety under Cheibriados
  7513 | D:8      | Found a hazy altar of Hepliaklqana.
  7934 | D:8      | Reached skill level 5 in Maces & Flails
  8064 | D:8      | Slain by a manticore

Illustrated notes

Levels and vault maps discovered:
D:1:      dpeg_arrival_pits, layout_loops_cross
D:2:      layout_loops_cross, serial_shops, nicolae_shop_back_alley_shop,
          uniq_terence, uniq_sigmund
D:3:      layout_basic, dancing_weapons_uskayaw, portal_sewer_entry_a
D:4:      minmay_general_purpose_star, layout_basic, minmay_crossroads
D:5:      layout_basic, nicolae_elyvilon_temple_path,
          nicolae_tso_besieged_by_evil, serial_shops,
          nicolae_shop_window_shopping,
          nicolae_shop_competitors_out_of_business, kennysheep_mini, uniq_pikel,
          uniq_ijyb
D:6:      layout_loops_ring, minmay_temple_entry_offerings,
          hellmonk_bongcloud_opening, uniq_maggie
D:7:      layout_rooms, zin_angel, mainiacjoe_overflow_brackets,
          mainiacjoe_overflow_chevrons, serial_shops, shop
D:8:      layout_layer_cave, lemuel_crystal_altar, amcnicky_altar_gilded,
          uniq_grum
Temple:   nicolae_temple_ecumenical_triangle

Skill      XL: |  1  2  3  4  5  6  7  8  9 10 |
---------------+-------------------------------+-----
Stealth        | 1 2 3 4 6 7 9 |  9.3
Throwing       | 1 2 3 4 |  4.3
Translocations | 1 2 3 4 |  4.0
Spellcasting   | 1 2 3 |  3.7
Maces & Flails | 3 4 5 |  5.0
Fighting       | 4 5 |  5.5
Shields        | 4 5 |  5.4
Dodging        | 4 5 |  5.4
Evocations     | 2 3 |  3.5
Invocations    | 1 |  1.9

Action                     |  1- 3 |  4- 6 |  7- 9 | 10-12 || total
---------------------------+-------+-------+-------+-------++-------
  Melee: Flail             |    55 |    24 |       |       ||    79
         Constrict         |    10 |    17 |    44 |     2 ||    73
         Tentacles         |    11 |    13 |    35 |     6 ||    65
         Falchion          |       |    42 |   168 |    21 ||   231
         Punch             |       |     1 |     3 |       ||     4
  Throw: Stone             |       |       |     5 |     3 ||     8
   Cast: Lesser Beckoning  |       |       |     9 |       ||     9
  Evoke: Wand              |       |       |     1 |     1 ||     2
    Use: Potion            |       |       |     1 |     3 ||     4
   Stab: Sleeping          |     9 |    14 |    17 |       ||    40
 Armour: Skin              |     5 |     2 |     3 |     1 ||    11
  Dodge: Dodged            |    39 |    38 |    79 |    23 ||   179
  Block: Buckler           |    11 |    11 |    36 |     3 ||    61

Table legend: (Time is in decaauts)
 A = Elapsed time spent in this place.
 B = Non-inter-level travel time spent in this place.
 C = Inter-level travel time spent in this place.
 D = Time resting spent in this place.
 E = Time spent auto-exploring this place.
 F = Levels seen in this place.
 G = Mean time per level.
                   A        B        C        D        E       F      G
               +--------+--------+--------+--------+--------+-----+--------+
         Total |   8503 |   8174 |    329 |      0 |   6701 |  10 |  850.3 |
       Dungeon |   8239 |   7910 |    329 |      0 |   6515 |   8 | 1029.9 |
        Temple |     38 |     38 |      0 |      0 |     30 |   1 |   38.0 |
         Sewer |    225 |    225 |      0 |      0 |    156 |   1 |  225.0 |
               +--------+--------+--------+--------+--------+-----+--------+

Top non-repeatable levels by time:
     D:8: 1423 daAuts
     D:5: 1272 daAuts
     D:4: 1094 daAuts
     D:6: 1059 daAuts
     D:7: 910 daAuts
     D:3: 905 daAuts
     D:2: 878 daAuts
     D:1: 695 daAuts
   Sewer: 225 daAuts
  Temple: 38 daAuts
